MLB
HOUSTON ASTROS @ BOSTON RED SOX
10/14/2080
 
TOP OF THE 1ST
Houston Astros batting - Pitching for Boston Red Sox : RHP Evan Parker
Pitching: RHP Evan Parker
Batting: SHB Tony Barrientez 0-0: Called Strike
0-1: Swinging Strike
0-2: Strikes out swinging
Batting: LHB Ricardo Salinas 0-0: Ball
1-0: Foul Ball, location: 2F
1-1: Swinging Strike
1-2: Ball
2-2: Strikes out swinging
Batting: LHB Danny Delgado 0-0: Ball
1-0: Ball
2-0: Ball
3-0: Called Strike
3-1: Base on Balls
Batting: LHB Sean Whitacre 0-0: Ball
1-0: Called Strike
1-1: SINGLE (Groundball, 6D, EV 106.9 MPH)
Danny Delgado to second
Runner from 2nd tries for 3rd, SAFE, throw by CF made to third
Batting: SHB Victor Ortiz 0-0: Fly out, F7 (Line Drive, 7LM, EV 90.0 MPH)
Top of the 1st over - 0 runs, 1 hit, 0 errors, 2 left on base; Houston 0 - Boston 0
BOTTOM OF THE 1ST
Boston Red Sox batting - Pitching for Houston Astros : LHP Dane Borkholder
Pitching: LHP Dane Borkholder
Batting: RHB Javier Cantu 0-0: Ball
1-0: DOUBLE (Line Drive, 7LS, EV 95.0 MPH)
Batting: RHB Karl Aucoin 0-0: Called Strike
Javier Cantu steals 3rd base
0-1: Foul Ball, location: 2F
0-2: Strikes out swinging
Batting: RHB Daniel Campuzano 0-0: Ball
1-0: Foul Ball, location: 2F
1-1: Foul Ball, location: 2F
1-2: Ball
2-2: Foul Ball, location: 2F
2-2: Fly out, F9 (Flyball, 9LS, EV 89.4 MPH)
Batting: RHB Miguel Lopez 0-0: Called Strike
0-1: Swinging Strike
0-2: Ball
1-2: DOUBLE (Line Drive, 89M, EV 101.2 MPH)
Javier Cantu scores
Batting: LHB Chan-seok Chang 0-0: Called Strike
0-1: Called Strike
0-2: Ground out U3 (Groundball, 3, EV 103.8 MPH)
Bottom of the 1st over - 1 run, 2 hits, 0 errors, 1 left on base; Houston 0 - Boston 1
TOP OF THE 2ND
Houston Astros batting - Pitching for Boston Red Sox : RHP Evan Parker
Batting: RHB Lee Tasso 0-0: Called Strike
0-1: Ball
1-1: Foul Ball, location: 2F
1-2: Foul Ball, location: 2F
1-2: Strikes out looking
Batting: RHB Dave Kohler 0-0: Ball
1-0: Ball
2-0: Foul Ball, location: 2F
2-1: Swinging Strike
2-2: Ball
3-2: Strikes out looking
Batting: RHB Ryan Van Allen 0-0: Ground out 5-3 (Groundball, 5, EV 80.0 MPH)
Top of the 2nd over - 0 runs, 0 hits, 0 errors, 0 left on base; Houston 0 - Boston 1
BOTTOM OF THE 2ND
Boston Red Sox batting - Pitching for Houston Astros : LHP Dane Borkholder
Batting: RHB Edwin Zuniga 0-0: Called Strike
0-1: Called Strike
0-2: Ball
1-2: Ground out 5-3 (Groundball, 56, EV 107.5 MPH)
Batting: SHB Ka-fei Ong 0-0: Ball
1-0: SINGLE (Groundball, 6MD, EV 105.6 MPH)
Batting: RHB Julien Foulon 0-0: Ball
1-0: SINGLE (Groundball, 56D, EV 106.9 MPH)
Ka-fei Ong to second
Batting: SHB Caleb Herring 0-0: Swinging Strike
0-1: Ball
1-1: Ball
2-1: Ball
3-1: Foul Ball, location: 2F
3-2: Strikes out swinging
Batting: RHB Javier Cantu 0-0: Ball
1-0: Called Strike
1-1: Foul Ball, location: 2F
1-2: Foul Ball, location: 2F
1-2: Ball
2-2: Ball
3-2: Ground out 6-3 (Groundball, 6, EV 106.9 MPH)
Bottom of the 2nd over - 0 runs, 2 hits, 0 errors, 2 left on base; Houston 0 - Boston 1
TOP OF THE 3RD
Houston Astros batting - Pitching for Boston Red Sox : RHP Evan Parker
Batting: RHB Kyle Nunn 0-0: Called Strike
0-1: Ball
1-1: Called Strike
1-2: Foul Ball, location: 2F
1-2: Strikes out looking
Batting: SHB Tony Barrientez 0-0: Called Strike
0-1: Ground out 4-3 (Groundball, 4, EV 85.6 MPH)
Batting: LHB Ricardo Salinas 0-0: Swinging Strike
0-1: Ball
1-1: Foul Ball, location: 2F
1-2: SINGLE (Line Drive, 9S, EV 101.2 MPH)
Batting: LHB Danny Delgado 0-0: Swinging Strike
0-1: Ball
1-1: Fly out, F8 (Flyball, 78M, EV 91.9 MPH)
Top of the 3rd over - 0 runs, 1 hit, 0 errors, 1 left on base; Houston 0 - Boston 1
BOTTOM OF THE 3RD
Boston Red Sox batting - Pitching for Houston Astros : LHP Dane Borkholder
Batting: RHB Karl Aucoin 0-0: Ball
1-0: DOUBLE (Line Drive, 89XD, EV 102.5 MPH)
Batting: RHB Daniel Campuzano 0-0: Called Strike
0-1: Ball
1-1: Ball
2-1: SINGLE (Groundball, 4MD, EV 98.1 MPH)
Karl Aucoin to third
Batting: RHB Miguel Lopez 0-0: Swinging Strike
0-1: Foul Ball, location: 2F
0-2: Strikes out looking
Batting: LHB Chan-seok Chang 0-0: Called Strike
0-1: Ball
1-1: Ball
2-1: Ball
3-1: Reached via error on a dropped throw from SS, E4 (Groundball, 6M, EV 102.5 MPH)
Karl Aucoin scores
Daniel Campuzano to second
Batting: RHB Edwin Zuniga 0-0: Foul Ball, location: 2F
0-1: Swinging Strike
0-2: Ball
1-2: Ball
2-2: Foul Ball, location: 2F
2-2: Ball
3-2: Strikes out looking
Batting: SHB Ka-fei Ong 0-0: Fly out, F8 (Line Drive, 8LD, EV 99.4 MPH)
Bottom of the 3rd over - 1 run, 2 hits, 1 error, 2 left on base; Houston 0 - Boston 2
TOP OF THE 4TH
Houston Astros batting - Pitching for Boston Red Sox : RHP Evan Parker
Batting: LHB Sean Whitacre 0-0: Called Strike
0-1: Ball
1-1: Foul Ball, location: 2F
1-2: Ball
2-2: Strikes out swinging
Batting: SHB Victor Ortiz 0-0: Called Strike
0-1: Swinging Strike
0-2: Ball
1-2: Strikes out swinging, 2-3 out at first.
Batting: RHB Lee Tasso 0-0: Ground out 6-3 (Groundball, 6, EV 91.2 MPH)
Top of the 4th over - 0 runs, 0 hits, 0 errors, 0 left on base; Houston 0 - Boston 2
BOTTOM OF THE 4TH
Boston Red Sox batting - Pitching for Houston Astros : LHP Dane Borkholder
Batting: RHB Julien Foulon 0-0: Ball
1-0: Ball
2-0: Foul Ball, location: 2F
2-1: Fly out, F7 (Flyball, 78M, EV 84.4 MPH)
Batting: SHB Caleb Herring 0-0: Fly out, F3 (Popup, 3, EV 61.2 MPH)
Batting: RHB Javier Cantu 0-0: Foul Ball, location: 2F
0-1: Ball
1-1: Ball
2-1: Foul Ball, location: 2F
2-2: Fly out, F7 (Flyball, 7, EV 96.2 MPH)
Bottom of the 4th over - 0 runs, 0 hits, 0 errors, 0 left on base; Houston 0 - Boston 2
TOP OF THE 5TH
Houston Astros batting - Pitching for Boston Red Sox : RHP Evan Parker
Batting: RHB Dave Kohler 0-0: Called Strike
0-1: Swinging Strike
0-2: Foul Ball, location: 2F
0-2: Ball
1-2: Strikes out looking
Batting: RHB Ryan Van Allen 0-0: Ball
1-0: Called Strike
1-1: Foul Ball, location: 2F
1-2: Ground out 5-3 (Groundball, 5, EV 84.4 MPH)
Batting: RHB Kyle Nunn 0-0: SINGLE (Groundball, 6D, EV 100.0 MPH)
Batting: SHB Tony Barrientez 0-0: Ball
1-0: Called Strike
1-1: Called Strike
1-2: Fielders Choice at 2nd, 6-4 (Groundball, 6, EV 86.2 MPH)
Top of the 5th over - 0 runs, 1 hit, 0 errors, 1 left on base; Houston 0 - Boston 2
BOTTOM OF THE 5TH
Boston Red Sox batting - Pitching for Houston Astros : LHP Dane Borkholder
Batting: RHB Karl Aucoin 0-0: Foul Ball, location: 2F
0-1: Ground out 6-3 (Groundball, 6, EV 88.8 MPH)
Batting: RHB Daniel Campuzano 0-0: Ball
1-0: Called Strike
1-1: Ball
2-1: Ball
3-1: Base on Balls
Batting: RHB Miguel Lopez 0-0: Ball
1-0: Foul Ball, location: 2RF, Error on foul ball, E2
1-1: Fly out, F8 (Line Drive, 78D, EV 89.4 MPH)
Batting: LHB Chan-seok Chang 0-0: Ball
1-0: Ball
2-0: SINGLE (Flyball, 4D, EV 96.9 MPH)
Daniel Campuzano to second
Runner from 2nd tries for 3rd, SAFE, throw by RF made to third
Batting: RHB Edwin Zuniga 0-0: Called Strike
0-1: Ball
1-1: Ball
2-1: Foul Ball, location: 2F
2-2: Ball
3-2: Base on Balls
Chan-seok Chang to second
Batting: SHB Ka-fei Ong 0-0: Fly out, F8 (Flyball, 8LM, EV 90.6 MPH)
Bottom of the 5th over - 0 runs, 1 hit, 1 error, 3 left on base; Houston 0 - Boston 2
TOP OF THE 6TH
Houston Astros batting - Pitching for Boston Red Sox : RHP Evan Parker
Batting: LHB Ricardo Salinas 0-0: Ball
1-0: Ball
2-0: Called Strike
2-1: Foul Ball, location: 2F
2-2: Strikes out swinging
Batting: LHB Danny Delgado 0-0: Called Strike
0-1: Foul Ball, location: 2F
0-2: Ground out 3-1 (Groundball, 34, EV 105.0 MPH)
Batting: LHB Sean Whitacre 0-0: Called Strike
0-1: Foul Ball, location: 2F
0-2: Strikes out looking
Top of the 6th over - 0 runs, 0 hits, 0 errors, 0 left on base; Houston 0 - Boston 2
BOTTOM OF THE 6TH
Boston Red Sox batting - Pitching for Houston Astros : LHP Dane Borkholder
Batting: RHB Julien Foulon 0-0: Ball
1-0: SINGLE (Line Drive, 89S, EV 111.9 MPH)
Batting: SHB Caleb Herring 0-0: Sac Bunt to 2R - play at second, runner OUT! 2-6
Pitching: RHP Corey Winer
Batting: RHB Javier Cantu 0-0: Ball
1-0: SINGLE (Groundball, 56D, EV 104.4 MPH)
Caleb Herring to second
Batting: RHB Karl Aucoin 0-0: Ball
1-0: Foul Ball, location: 2F
1-1: Foul Ball, location: 2F
1-2: Foul Ball, location: 2F
1-2: Fly out, F9 (Flyball, 9D, EV 99.4 MPH)
Runner from 2nd tags up, SAFE at 3rd, no throw by RF
Batting: RHB Daniel Campuzano 0-0: Ball
1-0: Ball
Javier Cantu steals 2nd base
2-0: Ball
3-0: Base on Balls
Batting: RHB Miguel Lopez 0-0: Ball
1-0: Ground out 4-3 (Groundball, 4S, EV 81.2 MPH)
Bottom of the 6th over - 0 runs, 2 hits, 0 errors, 3 left on base; Houston 0 - Boston 2
TOP OF THE 7TH
Houston Astros batting - Pitching for Boston Red Sox : RHP Evan Parker
Now at 1B: Daniel Campuzano
Now at 2B: Pat Seeley
Batting: SHB Victor Ortiz 0-0: Swinging Strike
0-1: Foul Ball, location: 2F
0-2: Ball
1-2: Strikes out swinging
Batting: RHB Lee Tasso 0-0: Ball
1-0: Called Strike
1-1: Foul Ball, location: 2F
1-2: Ball
2-2: Ball
3-2: Fly out, F9 (Flyball, 9, EV 89.4 MPH)
Batting: RHB Dave Kohler 0-0: Called Strike
0-1: Ball
1-1: Ball
2-1: Ground out 4-3 (Groundball, 4, EV 75.6 MPH)
Top of the 7th over - 0 runs, 0 hits, 0 errors, 0 left on base; Houston 0 - Boston 2
BOTTOM OF THE 7TH
Boston Red Sox batting - Pitching for Houston Astros : RHP Corey Winer
Batting: LHB Chan-seok Chang 0-0: Ball
1-0: Called Strike
1-1: Foul Ball, location: 2F
1-2: Strikes out swinging
Batting: RHB Edwin Zuniga 0-0: Foul Ball, location: 2F
0-1: Foul Ball, location: 2F
0-2: Ball
1-2: Ball
2-2: Strikes out looking
Batting: SHB Ka-fei Ong 0-0: Called Strike
0-1: Ball
1-1: SINGLE (Flyball, 78S, EV 93.8 MPH)
Pitching: LHP Fernando Cervantes
Batting: RHB Julien Foulon 0-0: Ball
1-0: Foul Ball, location: 2F
1-1: Foul Ball, location: 2F
1-2: Fly out, F8 (Flyball, 8RXD, EV 87.5 MPH)
Bottom of the 7th over - 0 runs, 1 hit, 0 errors, 1 left on base; Houston 0 - Boston 2
TOP OF THE 8TH
Houston Astros batting - Pitching for Boston Red Sox : RHP Evan Parker
Batting: RHB Ryan Van Allen 0-0: Ball
1-0: Foul Ball, location: 2F
1-1: Fly out, F8 (Flyball, 8LM, EV 84.4 MPH)
Batting: RHB Kyle Nunn 0-0: Foul Ball, location: 2F
0-1: Ball
1-1: Ball
2-1: Ball
3-1: SINGLE (Groundball, 6MD, EV 95.6 MPH)
Batting: SHB Tony Barrientez 0-0: Ball
1-0: Foul Ball, location: 2F
1-1: Ball
Wild Pitch!
Kyle Nunn to second
2-1: Swinging Strike
2-2: Foul Ball, location: 2F
2-2: Foul Ball, location: 2F
2-2: Strikes out looking
Batting: LHB Ricardo Salinas 0-0: Foul Ball, location: 2F
0-1: Foul Ball, location: 2F
0-2: Ball
1-2: Ball
2-2: Fly out, F5 (Popup, 5L, EV 66.9 MPH)
Top of the 8th over - 0 runs, 1 hit, 0 errors, 1 left on base; Houston 0 - Boston 2
BOTTOM OF THE 8TH
Boston Red Sox batting - Pitching for Houston Astros : LHP Fernando Cervantes
Batting: SHB Caleb Herring 0-0: Called Strike
0-1: Ball
1-1: Ball
2-1: Ball
3-1: Called Strike
3-2: Foul Ball, location: 2F
3-2: Base on Balls
Batting: RHB Javier Cantu 0-0: Reached on error, E3 (Groundball, 23, EV 43.8 MPH)
Caleb Herring to third
Batting: RHB Karl Aucoin 0-0: Called Strike
0-1: Foul Ball, location: 2F
0-2: Strikes out looking
Batting: RHB Daniel Campuzano 0-0: Intentional Walk
Batting: RHB Pat Seeley 0-0: Foul Ball, location: 2F
0-1: SINGLE (Groundball, 56D, EV 103.8 MPH)
Caleb Herring scores
Javier Cantu to third
Daniel Campuzano to second
Runner from 3rd tries for Home, SAFE, throw by LF to home
Batting: LHB Chan-seok Chang 0-0: SINGLE (Groundball, 34D, EV 102.5 MPH)
Daniel Campuzano to third
Pat Seeley to second
Pitching: RHP Victor Cevallos
Batting: RHB Edwin Zuniga 0-0: Called Strike
0-1: Ball
1-1: Called Strike
1-2: Grounds into double play, 5-4-3 (Groundball, 56, EV 87.5 MPH)
Bottom of the 8th over - 2 runs, 2 hits, 1 error, 2 left on base; Houston 0 - Boston 4
TOP OF THE 9TH
Houston Astros batting - Pitching for Boston Red Sox : RHP Evan Parker
Pitching: LHP Jon Hoch
Batting: LHB Danny Delgado 0-0: Called Strike
0-1: Ball
1-1: Called Strike
1-2: Strikes out swinging, 2-3 out at first.
Pinch Hitting: RHB Garrett Murphy 0-0: Ball
1-0: Ground out 6-3 (Groundball, 6, EV 88.1 MPH)
Batting: SHB Victor Ortiz 0-0: Foul Ball, location: 2F
0-1: Called Strike
0-2: Ball
1-2: Strikes out swinging, 2-3 out at first.
Top of the 9th over - 0 runs, 0 hits, 0 errors, 0 left on base; Houston 0 - Boston 4
Tuesday, August 2nd , 2022 - OOTP Baseball 23.5 Build 73